 Dungeon Crawl Stone Soup version 0.18.1-48-g4cf74bf (webtiles) character file.

845 sarahorange the Shooter (level 7, -2/57 HPs)
             Began as a Centaur Hunter on July 16, 2016.
             Shot with a sling bullet by a human (9 damage)
             ... on level 6 of the Dungeon.
             The game lasted 00:44:00 (7065 turns).

sarahorange the Shooter (Centaur Hunter)            Turns: 7065, Time: 00:44:01

Health: -2/57      AC:  7    Str: 14    XL:     7   Next: 68%
Magic:  7/7        EV:  9    Int: 10    God:
Gold:   56         SH:  1    Dex: 12    Spells: 0 memorised, 6 levels left

rFire  . . .     SeeInvis .     b - +2 short sword (speed)
rCold  . . .     Gourm    .     c - +1 leather armour
rNeg   . . .     Faith    .     y - -2 buckler (curse)
rPois  .         Spirit   .     q - +1 helmet
rElec  .         Dismiss  .     (no cloak)
rCorr  .         Reflect  .     (no gloves)
SustAt .         Harm     .     (no barding)
MR     .....     Rnd*Tele +     (no amulet)
Stlth  +.........               (no ring)
                                x - ring of teleportation (curse)

@: very quick, not resistant to hostile enchantments, very unstealthy
A: hooves 3, deformed body, speed 2, tough skin 3
a: no special abilities


You were on level 6 of the Dungeon.
You were not hungry.

You visited 1 branch of the dungeon, and saw 6 of its levels.

You collected 177 gold pieces.
You spent 121 gold pieces at shops.

Inventory:

Hand Weapons
 a - a +1 shortbow
 b - a +2 short sword of speed (weapon)
Missiles
 e - 143 stones (quivered)
 l - 23 sling bullets
 m - 25 arrows
 o - 2 needles of paralysis
 p - 21 poisoned needles
Armour
 c - a +1 leather armour (worn)
 q - a +1 helmet (worn)
 y - a cursed -2 buckler (worn)
Jewellery
 x - a cursed ring of teleportation (left hand)
Scrolls
 k - 3 scrolls of identify
 w - a scroll of blinking
Potions
 g - 2 potions of magic
 h - a potion of degeneration {unknown}
 j - a potion of ambrosia {unknown}
 r - a potion of flight {unknown}
 s - a potion of heal wounds {unknown}
 t - a potion of brilliance {unknown}
 u - a potion of agility
Comestibles
 f - 2 bread rations
 i - 2 meat rations
 n - 2 beef jerkies


   Skills:
 + Level 3.3 Fighting
 + Level 1.8 Short Blades
 + Level 7.4 Bows
 + Level 4.7 Throwing
 + Level 2.0 Armour
 + Level 3.1 Dodging
 + Level 1.0 Stealth


You had 6 spell levels left.
You didn't know any spells.

Dungeon Overview and Level Annotations

Branches:
Dungeon (6/15)
 Temple: D:4-7

Altars:
Nemelex Xobeh

Shops:
D:4 [

Annotations:
D:5 Prince Ribbit


Innate Abilities, Weirdness & Mutations

You have hooves in place of feet.
Armour fits poorly on your strangely shaped body.
You cover ground very quickly.
You have extremely tough skin (AC +3).


Message History

You kill the shadow imp!
The sky beast hits you.
* * * LOW HITPOINT WARNING * * *
The sky beast shocks you.
* * * LOW HITPOINT WARNING * * *
The sky beast flickers out of sight!
A sky beast appears from thin air!
Reactivating autopickup.
The sky beast flickers out of sight!
Deactivating autopickup; reactivate with Ctrl-A.
The human shouts!
The human shoots a sling bullet.
The sling bullet hits you but does no damage.
You see here a sling bullet.
The human shoots a sling bullet.
The sling bullet hits you but does no damage.
A human comes into view. It is wielding a hunting sling.
The human shouts!
The human shoots a sling bullet.
The sling bullet hits you!
You die...

# ##.## # #..# ##.##
#..# ##.## #..# ##.##
##..###########
##########...(..@.......
......(.(...............
#######†................
#..([..............
........(..............
.###..................#
+..................#
#.......(.p....p.###
#..p....((.......


You could see 2 humans.

Vanquished Creatures
  A phantom (D:4)
  An ogre (D:4)
  A centaur (D:5)
  A crimson imp (D:6)
  3 orc priests
  2 orc wizards
  Ijyb (D:2)
  An iguana (D:4)
  4 worker ants
  A hound skeleton (D:4)
  A worker ant zombie (D:2)
  Robin (D:2)
  6 adders
  2 shadow imps (D:6)
  An ooze (D:4)
  An adder skeleton (D:4)
  4 worms
  3 dart slugs (D:2)
  5 giant geckos
  15 orcs
  A ball python (D:1)
  5 giant cockroaches
  17 goblins
  14 hobgoblins
  7 jackals (D:1)
  3 quokkas
  11 bats
  8 giant newts
  9 kobolds
  11 rats
141 creatures vanquished.

Notes
Turn   | Place    | Note
--------------------------------------------------------------
     0 | D:1      | sarahorange the Centaur Hunter began the quest for the Orb.
     0 | D:1      | Reached XP level 1. HP: 17/17 MP: 1/1
   221 | D:1      | Reached XP level 2. HP: 24/24 MP: 2/2
   427 | D:1      | Reached skill level 6 in Bows
   752 | D:1      | Reached XP level 3. HP: 29/29 MP: 3/3
  1371 | D:2      | Reached XP level 4. HP: 36/36 MP: 4/4
  2157 | D:2      | Reached skill level 7 in Bows
  2180 | D:2      | Noticed Ijyb
  2277 | D:2      | Killed Ijyb
  2750 | D:2      | Reached XP level 5. HP: 41/41 MP: 5/5
  2751 | D:2      | Reached skill level 1 in Armour
  2893 | D:2      | Noticed Robin
  2909 | D:2      | Killed Robin
  3918 | D:3      | Reached skill level 1 in Short Blades
  4361 | D:4      | Noticed a phantom
  4750 | D:4      | Reached skill level 1 in Throwing
  4857 | D:3      | Reached XP level 6. HP: 43/50 MP: 6/6
  5549 | D:3      | Reached XP level 7. HP: 35/57 MP: 7/7
  5967 | D:4      | Found Yjucog's Antique Armour Shop.
  5981 | D:4      | Bought a shiny buckler for 121 gold pieces
  6160 | D:4      | Found a sparkling altar of Nemelex Xobeh.
  6381 | D:5      | Entered Level 5 of the Dungeon
  6400 | D:5      | Reached skill level 1 in Stealth
  6567 | D:5      | Noticed Prince Ribbit
  7004 | D:6      | Noticed a human
  7004 | D:6      | Noticed a human
  7065 | D:6      | Noticed a human
  7065 | D:6      | Shot with a sling bullet by a human

Skill      XL: |  1  2  3  4  5  6  7 |
---------------+----------------------+-----
Bows           | 6 7 |  7.4
Armour         | 1 2 |  2.0
Dodging        | 2 3 |  3.1
Short Blades   | 1 |  1.8
Throwing       | 1 3 4 |  4.7
Fighting       | 3 |  3.3
Stealth        | 1 |  1.0

Action                   |  1- 3 |  4- 6 |  7- 9 || total
-------------------------+-------+-------+-------++-------
Melee: Short sword       |    14 |   276 |   141 ||   431
       Kick              |     2 |    70 |    34 ||   106
       Mace              |     1 |     4 |       ||     5
 Fire: Shortbow          |   109 |    25 |       ||   134
Throw: Stone             |     6 |   247 |    57 ||   310
  Use: Scroll            |       |     7 |     1 ||     8
       Potion            |       |       |     1 ||     1
  Eat: Chunk             |       |     9 |     3 ||    12
       Fruit             |       |     3 |     2 ||     5
Armor: Leather armour    |    14 |    74 |    53 ||   141
Dodge: Dodged            |    31 |    91 |    48 ||   170
Block: Buckler           |       |       |     2 ||     2
